 Dungeon Crawl Stone Soup version 0.14-a0-1444-g21dc12d (webtiles) character file.

228 M4edhros the Ducker (level 4, -10/35 HPs)
             Began as a Demonspawn Monk on Dec 13, 2013.
             Mangled by a mummy (18 damage)
             ... in an ossuary.
             The game lasted 00:05:29 (2229 turns).

M4edhros the Ducker (Demonspawn Monk)               Turns: 2229, Time: 00:05:29

HP -10/35        AC  5     Str 11      XL: 4   Next: 80%
MP   4/4         EV 14     Int 13      God:
Gold 105         SH  0     Dex 15      Spells:  0 memorised,  3 levels left

rFire  . . .     SeeInvis .     v - +0 quarterstaff
rCold  . . .     Clarity  .     a - +0 robe
rNeg   + . .     Conserve .     (no shield)
rPois  .         rCorr    .     (helmet restricted)
rElec  .         rRot     .     (no cloak)
SustAb . .       Spirit   .     r - +2 pair of gloves
rMut   .         Warding  .     (no boots)
Saprov . . .     Stasis   .     (no amulet)
                                (no ring)
                                o - ring of positive energy {unknown}

@: slightly resistant to hostile enchantments, fairly stealthy
A: antennae 1, demonic guardian 1
a: no special abilities


You were in an ossuary.
You were very hungry.

You visited 1 branch of the dungeon, and saw 5 of its levels.
You also visited: Ossuary.

You collected 105 gold pieces.

Inventory:

Hand weapons
 g - a +1,+0 dagger of protection
 p - a +0,+2 short sword of speed
 v - a +0,+0 quarterstaff (weapon)
Armour
 a - a +0 robe (worn)
 r - a +2 pair of gloves (worn)
Comestibles
 b - 2 bread rations
 u - a cheese
Scrolls
 c - a scroll of random uselessness
 f - a scroll of magic mapping {unknown}
 h - a scroll of fog {unknown}
 k - 2 scrolls of recharging {unknown}
 m - a scroll of fear {unknown}
 n - a scroll of enchant weapon II {unknown}
 q - a scroll of remove curse {unknown}
 t - a scroll of identify {unknown}
 w - a scroll of noise {unknown}
Jewellery
 o - a ring of positive energy (left hand) {unknown}


   Skills:
 - Level 3.0 Fighting
 + Level 1.5 Staves
 + Level 2.2 Armour
 + Level 3.9 Dodging
 - Level 1.7 Stealth
 - Level 3.6 Unarmed Combat


You had 3 spell levels left.
You didn't know any spells.

Dungeon Overview and Level Annotations

Branches:
Dungeon (5/16)
 Temple: D:4-7

Altars:
Cheibriados
Nemelex Xobeh

Annotations:
D:3 Yermak's ghost, average SpEn


Innate Abilities, Weirdness & Mutations

A weak demonic guardian rushes to your aid.
You have a pair of small antennae on your head.


Message History

It was a scroll of random uselessness.
Your crimson imp blinks!
Your ufetubus hits the mummy.
Read which item? (? for menu, Esc to quit)
As you read the scroll labeled GEUNIA GACHIAX, it crumbles to dust.
The creatures around you are filled with an inner flame!
It was a scroll of immolation.
Your ufetubus hits the kobold zombie.
Your ufetubus barely misses the kobold zombie.
Your ufetubus hits the kobold zombie.
The kobold zombie explodes!
The fiery explosion engulfs the mummy.
The mummy is burned terribly!
The mummy explodes!
The fiery explosion engulfs the mummy.
The mummy is burned terribly!
The mummy explodes!
The fiery explosion engulfs your ufetubus.
Your ufetubus is burned terribly!
Your ufetubus dies!
The mummy hits you!
Ouch! That really hurt!
You die...

######## ....M..##
####......## .
##..##....M.#
..##....##...M@#
...........§§§..#
...........§§§§.##
..........§§§§##
##.....5.§##+#
##......##
##....## #....#
#....#


You could see 3 mummies and a friendly crimson imp.

Vanquished Creatures
  A gnoll (D:1)
  An adder (D:4)
  An iguana skeleton (D:4)
  2 giant geckos
  2 orcs
  A giant cockroach (D:4)
  3 goblins
  4 hobgoblins
  A quokka (D:5)
  4 bats
  2 giant newts
  A gnoll zombie (Ossuary)
  A hobgoblin zombie (Ossuary)
  4 jackals (D:1)
  4 kobolds
  A kobold zombie (Ossuary)
  3 orc zombies (Ossuary)
  6 rats
42 creatures vanquished.

Vanquished Creatures (collateral kills)
  A crimson imp (D:5)
  2 mummies (Ossuary)
  A gnoll zombie (Ossuary)
  A bat (D:5)
  A kobold zombie (Ossuary)
6 creatures vanquished.

Vanquished Creatures (others)
  2 mummies (Ossuary)
  2 lemures (Ossuary)
  4 ufetubi
8 creatures vanquished.

Grand Total: 56 creatures vanquished

Notes
Turn   | Place    | Note
--------------------------------------------------------------
     0 | D:1      | M4edhros, the Demonspawn Monk, began the quest for the Orb.
     0 | D:1      | Reached XP level 1. HP: 18/18 MP: 1/1
   349 | D:1      | Reached skill level 1 in Armour
   349 | D:1      | Gained mutation: A weak demonic guardian rushes to your aid. [demonic ancestry]
   349 | D:1      | Reached XP level 2. HP: 10/24 MP: 2/2
  1004 | D:3      | Reached XP level 3. HP: 19/29 MP: 3/3
  1173 | D:3      | Noticed Yermak's ghost (average SpEn)
  1793 | D:5      | Entered Level 5 of the Dungeon
  1822 | D:5      | Found a snail-covered altar of Cheibriados.
  1822 | D:5      | Found a sparkling altar of Nemelex Xobeh.
  1873 | D:5      | Reached skill level 1 in Staves
  1873 | D:5      | Reached XP level 4. HP: 33/35 MP: 4/4
  2097 | D:5      | Noticed a centaur
  2145 | D:4      | Found a sand-covered staircase.
  2151 | Ossuary  | Entered an ossuary
  2191 | Ossuary  | Gained mutation: You have sharp fingernails. [potion of mutation]
  2191 | Ossuary  | Gained mutation: Your natural rate of healing is unusually fast. [potion of mutation]
  2191 | Ossuary  | Gained mutation: You have a pair of small horns on your head. [potion of mutation]
  2192 | Ossuary  | Lost mutation: You have a pair of small horns on your head. [potion of cure mutation]
  2192 | Ossuary  | Lost mutation: You have sharp fingernails. [potion of cure mutation]
  2192 | Ossuary  | Lost mutation: Your natural rate of healing is unusually fast. [potion of cure mutation]
  2193 | Ossuary  | Paralysed by a potion of paralysis for 2 turns
  2202 | Ossuary  | Gained mutation: You have a pair of small antennae on your head. [potion of beneficial mutation]
  2229 | Ossuary  | Mangled by a mummy

Action                   |  1- 3 |  4- 6 || total
-------------------------+-------+-------++-------
Melee: Dagger            |    98 |       ||    98
       Unarmed           |    18 |       ||    18
       Short sword       |     8 |       ||     8
       Quarterstaff      |    47 |    41 ||    88
  Use: Potion            |       |     6 ||     6
       Scroll            |       |     2 ||     2
 Stab: Sleeping          |     3 |       ||     3
       Invisible         |       |     3 ||     3
